BR
GRAND RAPIDS DUTCH OVENS @ ROY EAGLE SQUADRON
09/19/2026
 
TOP OF THE 1ST
Wapello Seafarers batting - Pitching for Roy Eagle Squadron : RHP Tony Zamora
Pitching: RHP Tony Zamora
Batting: RHB Carlos Rocha 0-0: Ball
1-0: Ball
2-0: Ball
3-0: Base on Balls
Batting: RHB Albert Cortéz 0-0: Ball
1-0: Ball
2-0: Foul Ball, location: 2F
2-1: Foul Ball, location: 2F
2-2: Foul Ball, location: 2F
2-2: SINGLE (Line Drive, 8LS)
Carlos Rocha to second
Batting: LHB Félix Costa 0-0: Ball
1-0: Foul Ball, location: 2F
1-1: Ball
2-1: Foul Ball, location: 2F
2-2: 3-RUN HOME RUN (Flyball, 9D), Distance : 390 ft
Batting: RHB Manuel Flores 0-0: Called Strike
0-1: Fly out, F9 (Flyball, 9M)
Batting: LHB Luis Salazar 0-0: Fly out, F2 (Popup, 25F)
Batting: SHB Víctor Torres 0-0: Ball
1-0: Foul Ball, location: 2F
1-1: Swinging Strike
1-2: Ground out 4-3 (Groundball, 4)
Top of the 1st over - 3 run(s), 2 hit(s), 0 error(s), 0 left on base; Wapello 3 - Roy 0
BOTTOM OF THE 1ST
Roy Eagle Squadron batting - Pitching for Wapello Seafarers : RHP José Rocha
Pitching: RHP José Rocha
Batting: LHB Kelsey Scott 0-0: Called Strike
0-1: Called Strike
0-2: Ball
1-2: Ball
2-2: Ground out 4-3 (Groundball, 4)
Batting: SHB Alex Stewart 0-0: Called Strike
0-1: Ball
1-1: Ball
2-1: SINGLE (Groundball, 6MD)
Batting: RHB Tony Hernández 0-0: Ball
Alex Stewart is caught stealing 2nd base
1-0: Fly out, F4 (Popup, 4MD)
Bottom of the 1st over - 0 run(s), 1 hit(s), 0 error(s), 0 left on base; Wapello 3 - Roy 0
TOP OF THE 2ND
Wapello Seafarers batting - Pitching for Roy Eagle Squadron : RHP Tony Zamora
Batting: RHB Takuro Okawa 0-0: Called Strike
0-1: Called Strike
0-2: Ball
1-2: Ground out 5-3 (Groundball, 56)
Batting: RHB Carlos Martínez 0-0: Ball
1-0: Called Strike
1-1: Ball
2-1: Foul Ball, location: 2F
2-2: Ball
3-2: Fly out, F9 (Flyball, 9M)
Batting: LHB Abel Wheeler 0-0: Ball
1-0: Ball
2-0: Reached on error, E3 (Groundball, 3S)
Batting: RHB Carlos Rocha 0-0: Ball
1-0: Ball
2-0: Foul Ball, location: 2F
2-1: SINGLE (Groundball, 5L)
Abel Wheeler to second
Batting: RHB Albert Cortéz 0-0: Ground out 2-3 (Groundball, 23)
Top of the 2nd over - 0 run(s), 1 hit(s), 1 error(s), 2 left on base; Wapello 3 - Roy 0
BOTTOM OF THE 2ND
Roy Eagle Squadron batting - Pitching for Wapello Seafarers : RHP José Rocha
Batting: RHB Felipe Jareño 0-0: DOUBLE (Flyball, 89XD)
Batting: SHB Fernando Borges 0-0: Fly out, F8 (Flyball, 78M)
Batting: RHB José Vidal 0-0: Called Strike
0-1: SINGLE (Groundball, 5D)
Felipe Jareño to third
Batting: RHB Ken Miller 0-0: Called Strike
0-1: Called Strike
José Vidal steals 2nd base
0-2: Strikes out swinging
Batting: RHB Ben Ware 0-0: Swinging Strike
0-1: Swinging Strike
0-2: Ball
1-2: Ball
2-2: Strikes out swinging
Bottom of the 2nd over - 0 run(s), 2 hit(s), 0 error(s), 2 left on base; Wapello 3 - Roy 0
TOP OF THE 3RD
Wapello Seafarers batting - Pitching for Roy Eagle Squadron : RHP Tony Zamora
Batting: LHB Félix Costa 0-0: Ball
1-0: Foul Ball, location: 2F
1-1: Swinging Strike
1-2: Ground out 4-3 (Groundball, 4)
Batting: RHB Manuel Flores 0-0: Ball
1-0: Swinging Strike
1-1: Foul Ball, location: 2F
1-2: Ball
2-2: SINGLE (Line Drive, 6MD)
Batting: LHB Luis Salazar 0-0: Ball
1-0: SINGLE (Groundball, 6MD) (infield hit)
Manuel Flores to second
Batting: SHB Víctor Torres 0-0: Called Strike
0-1: Foul Ball, location: 2F
0-2: Ball
1-2: Fly out, F7 (Popup, 78S)
Batting: RHB Takuro Okawa 0-0: Hit by Pitch
Manuel Flores to third
Luis Salazar to second
Batting: RHB Carlos Martínez 0-0: Ball
1-0: Ball
2-0: Hit by Pitch
Manuel Flores scores
Luis Salazar to third
Takuro Okawa to second
Batting: LHB Abel Wheeler 0-0: Ball
1-0: Foul Ball, location: 2F
1-1: Fly out, F5 (Popup, 5SF)
Top of the 3rd over - 1 run(s), 2 hit(s), 0 error(s), 3 left on base; Wapello 4 - Roy 0
BOTTOM OF THE 3RD
Roy Eagle Squadron batting - Pitching for Wapello Seafarers : RHP José Rocha
Batting: RHB Oliver Sánchez 0-0: Ball
1-0: Foul Ball, location: 2F
1-1: Ball
2-1: Fly out, F9 (Flyball, 9LM)
Batting: LHB Kelsey Scott 0-0: Ball
1-0: Foul Ball, location: 2F
1-1: SINGLE (Line Drive, 7S)
Batting: SHB Alex Stewart 0-0: Fly out, F7 (Line Drive, 7M)
Batting: RHB Tony Hernández 0-0: Called Strike
0-1: Ground out 1-3 (Groundball, 25)
Bottom of the 3rd over - 0 run(s), 1 hit(s), 0 error(s), 1 left on base; Wapello 4 - Roy 0
TOP OF THE 4TH
Wapello Seafarers batting - Pitching for Roy Eagle Squadron : RHP Tony Zamora
Batting: RHB Carlos Rocha 0-0: Ball
1-0: Called Strike
1-1: Foul Ball, location: 2F
1-2: Ball
2-2: Ground out 6-3 (Groundball, 6)
Batting: RHB Albert Cortéz 0-0: Ball
1-0: SINGLE (Line Drive, 56)
Batting: LHB Félix Costa 0-0: Called Strike
0-1: Fly out, F8 (Flyball, 8LM)
Batting: RHB Manuel Flores 0-0: Ground out 4-3 (Groundball, 4)
Top of the 4th over - 0 run(s), 1 hit(s), 0 error(s), 1 left on base; Wapello 4 - Roy 0
BOTTOM OF THE 4TH
Roy Eagle Squadron batting - Pitching for Wapello Seafarers : RHP José Rocha
Batting: RHB Felipe Jareño 0-0: Ball
1-0: Ball
2-0: Called Strike
2-1: Ball
3-1: Foul Ball, location: 2F
3-2: Foul Ball, location: 2F
3-2: Strikes out swinging
Batting: SHB Fernando Borges 0-0: Ball
1-0: Ball
2-0: Called Strike
2-1: Foul Ball, location: 2F
2-2: Foul Ball, location: 2F
2-2: Fly out, F4 (Popup, 4)
Batting: RHB José Vidal 0-0: Fly out, F9 (Flyball, 89M)
Bottom of the 4th over - 0 run(s), 0 hit(s), 0 error(s), 0 left on base; Wapello 4 - Roy 0
TOP OF THE 5TH
Wapello Seafarers batting - Pitching for Roy Eagle Squadron : RHP Tony Zamora
Batting: LHB Luis Salazar 0-0: Ground out 4-3 (Groundball, 4)
Batting: SHB Víctor Torres 0-0: Ball
1-0: Ground out 1-3 (Groundball, 15)
Batting: RHB Takuro Okawa 0-0: Ball
1-0: Called Strike
1-1: Foul Ball, location: 2F
1-2: Foul Ball, location: 2F
1-2: Ball
2-2: Ground out 4-3 (Groundball, 34)
Top of the 5th over - 0 run(s), 0 hit(s), 0 error(s), 0 left on base; Wapello 4 - Roy 0
BOTTOM OF THE 5TH
Roy Eagle Squadron batting - Pitching for Wapello Seafarers : RHP José Rocha
Batting: RHB Ken Miller 0-0: Ball
1-0: Ball
2-0: Ball
3-0: Called Strike
3-1: Called Strike
3-2: Ground out 6-3 (Groundball, 6)
Batting: RHB Ben Ware 0-0: Swinging Strike
0-1: SINGLE (Groundball, 4D)
Batting: RHB Oliver Sánchez 0-0: Called Strike
0-1: Ball
1-1: Fly out, F2 (Popup, 2RF)
Batting: LHB Kelsey Scott 0-0: Called Strike
0-1: Ball
1-1: Called Strike
1-2: Foul Ball, location: 2F
1-2: Ball
2-2: Ground out U3 (Groundball, 3S)
Bottom of the 5th over - 0 run(s), 1 hit(s), 0 error(s), 1 left on base; Wapello 4 - Roy 0
TOP OF THE 6TH
Wapello Seafarers batting - Pitching for Roy Eagle Squadron : RHP Tony Zamora
Pitching: LHP Bob Pitchforth
Batting: RHB Carlos Martínez 0-0: Foul Ball, location: 2F
0-1: Foul Ball, location: 2F
0-2: Strikes out swinging
Batting: LHB Abel Wheeler 0-0: Called Strike
0-1: Ground out 6-3 (Groundball, 56)
Batting: RHB Carlos Rocha 0-0: Called Strike
0-1: Ball
1-1: Called Strike
1-2: Strikes out swinging
Top of the 6th over - 0 run(s), 0 hit(s), 0 error(s), 0 left on base; Wapello 4 - Roy 0
BOTTOM OF THE 6TH
Roy Eagle Squadron batting - Pitching for Wapello Seafarers : LHP Jorge Luna
Pitching: LHP Jorge Luna
Batting: SHB Alex Stewart 0-0: Fly out, F3 (Popup, 34S)
Batting: RHB Tony Hernández 0-0: Foul Ball, location: 2F
0-1: Ball
1-1: Foul Ball, location: 2F
1-2: DOUBLE (Line Drive, 7LS)
Batting: RHB Felipe Jareño 0-0: Ball
1-0: Ball
2-0: Swinging Strike
2-1: Foul Ball, location: 2F
2-2: Ball
3-2: Foul Ball, location: 2F
3-2: Base on Balls
Batting: SHB Fernando Borges 0-0: Called Strike
0-1: Ball
1-1: Ball
2-1: Fly out, F7 (Flyball, 7M)
Batting: RHB José Vidal 0-0: Called Strike
0-1: Foul Ball, location: 2F
0-2: Ball
1-2: Ball
2-2: Foul Ball, location: 2F
2-2: Foul Ball, location: 2F
2-2: Ball
3-2: Base on Balls
Tony Hernández to third
Felipe Jareño to second
Batting: RHB Ken Miller 0-0: Ball
1-0: Called Strike
1-1: Called Strike
1-2: Foul Ball, location: 2F
1-2: Foul Ball, location: 2F
1-2: Ball
2-2: Fly out, F8 (Flyball, 8RM)
Bottom of the 6th over - 0 run(s), 1 hit(s), 0 error(s), 3 left on base; Wapello 4 - Roy 0
TOP OF THE 7TH
Wapello Seafarers batting - Pitching for Roy Eagle Squadron : LHP Bob Pitchforth
Batting: RHB Albert Cortéz 0-0: Swinging Strike
0-1: Called Strike
0-2: Strikes out swinging
Batting: LHB Félix Costa 0-0: Foul Ball, location: 2F
0-1: Ball
1-1: Called Strike
1-2: Ball
2-2: DOUBLE (Line Drive, 89M)
Batting: RHB Manuel Flores 0-0: Intentional Walk
Batting: LHB Luis Salazar 0-0: Called Strike
Félix Costa is caught stealing 3rd base
Manuel Flores to second
0-1: Foul Ball, location: 2F
0-2: Strikes out swinging
Top of the 7th over - 0 run(s), 1 hit(s), 0 error(s), 1 left on base; Wapello 4 - Roy 0
BOTTOM OF THE 7TH
Roy Eagle Squadron batting - Pitching for Wapello Seafarers : LHP Jorge Luna
Batting: RHB Ben Ware 0-0: Ball
1-0: Ball
2-0: Ball
3-0: Base on Balls
Batting: RHB Oliver Sánchez 0-0: Ball
1-0: Foul Ball, location: 2F
1-1: Ball
2-1: Swinging Strike
2-2: Strikes out swinging
Batting: LHB Kelsey Scott 0-0: Foul Ball, location: 2F
0-1: Called Strike
0-2: Ball
1-2: Fly out, F8 (Flyball, 8LD)
Batting: SHB Alex Stewart 0-0: Called Strike
0-1: Ball
1-1: Called Strike
1-2: Strikes out swinging
Bottom of the 7th over - 0 run(s), 0 hit(s), 0 error(s), 1 left on base; Wapello 4 - Roy 0
TOP OF THE 8TH
Wapello Seafarers batting - Pitching for Roy Eagle Squadron : LHP Bob Pitchforth
Pitching: RHP Elijah Justice
Batting: SHB Víctor Torres 0-0: Ball
1-0: Ball
2-0: Called Strike
2-1: Ground out 5-3 (Groundball, 15S)
Batting: RHB Takuro Okawa 0-0: Foul Ball, location: 2F
0-1: Foul Ball, location: 2F
0-2: Foul Ball, location: 2F
0-2: Foul Ball, location: 2F
0-2: Ball
1-2: Ball
2-2: Strikes out swinging
Batting: RHB Carlos Martínez 0-0: Swinging Strike
0-1: Ball
1-1: Foul Ball, location: 2F
1-2: Ball
2-2: Ball
3-2: Strikes out looking
Top of the 8th over - 0 run(s), 0 hit(s), 0 error(s), 0 left on base; Wapello 4 - Roy 0
BOTTOM OF THE 8TH
Roy Eagle Squadron batting - Pitching for Wapello Seafarers : LHP Jorge Luna
Pitching: RHP Javier Moreno
Batting: RHB Tony Hernández 0-0: Ball
1-0: Foul Ball, location: 2F
1-1: Foul Ball, location: 2F
1-2: Strikes out swinging
Batting: RHB Felipe Jareño 0-0: Called Strike
0-1: Ball
1-1: Ball
2-1: Foul Ball, location: 2F
2-2: Ball
3-2: Strikes out swinging
Batting: SHB Fernando Borges 0-0: DOUBLE (Line Drive, 89M)
Batting: RHB José Vidal 0-0: Ball
1-0: Called Strike
1-1: Ball
2-1: Swinging Strike
2-2: Foul Ball, location: 2F
2-2: Foul Ball, location: 2F
2-2: Fly out, F7 (Flyball, 7M)
Bottom of the 8th over - 0 run(s), 1 hit(s), 0 error(s), 1 left on base; Wapello 4 - Roy 0
TOP OF THE 9TH
Wapello Seafarers batting - Pitching for Roy Eagle Squadron : RHP Elijah Justice
Batting: LHB Abel Wheeler 0-0: Ball
1-0: Swinging Strike
1-1: Called Strike
1-2: Ball
2-2: Strikes out looking
Batting: RHB Carlos Rocha 0-0: Ball
1-0: Called Strike
1-1: Ball
2-1: Called Strike
2-2: DOUBLE (Line Drive, 7D)
Batting: RHB Albert Cortéz 0-0: Ball
1-0: Ball
2-0: Ball
3-0: Foul Ball, location: 2F
3-1: Base on Balls
Batting: LHB Félix Costa 0-0: Ball
1-0: Called Strike
1-1: Foul Ball, location: 2F
1-2: Reached on error, E3 (Groundball, 3)
Carlos Rocha to third
Albert Cortéz to second
Batting: RHB Manuel Flores 0-0: Called Strike
0-1: Ball
1-1: Called Strike
1-2: Strikes out swinging
Batting: LHB Luis Salazar 0-0: Called Strike
0-1: Hit by Pitch
Carlos Rocha scores
Albert Cortéz to third
Félix Costa to second
Batting: SHB Víctor Torres 0-0: Ball
1-0: Ball
2-0: Called Strike
2-1: Ball
3-1: Called Strike
3-2: Base on Balls
Albert Cortéz scores
Félix Costa to third
Luis Salazar to second
Batting: RHB Takuro Okawa 0-0: Called Strike
0-1: Foul Ball, location: 2F
0-2: Strikes out swinging
Top of the 9th over - 2 run(s), 1 hit(s), 1 error(s), 3 left on base; Wapello 6 - Roy 0
BOTTOM OF THE 9TH
Roy Eagle Squadron batting - Pitching for Wapello Seafarers : RHP Javier Moreno
Batting: RHB Ken Miller 0-0: Called Strike
0-1: Ball
1-1: Foul Ball, location: 2F
1-2: Foul Ball, location: 2F
1-2: Strikes out looking
Batting: RHB Ben Ware 0-0: Reached on Error, E9 (Line Drive, 9M)
Batting: RHB Oliver Sánchez 0-0: Foul Ball, location: 2F
0-1: Ball
1-1: Called Strike
1-2: Ball
2-2: Ball
3-2: Ground out 1-3 (Groundball, 13S)
Ben Ware to third
Batting: LHB Kelsey Scott 0-0: Ball
1-0: Ball
2-0: Ball
3-0: Called Strike
3-1: Foul Ball, location: 2F
3-2: Fly out, F6 (Popup, 13)
Bottom of the 9th over - 0 run(s), 0 hit(s), 1 error(s), 1 left on base; Wapello 6 - Roy 0
Monday, December 5th, 2016 - OOTP Baseball 17.12 Build 75